 Dungeon Crawl Stone Soup version 0.19.4 (webtiles) character file.

374 vatarom the Sneak (level 6, -1/49 HPs)
             Began as a Vine Stalker Assassin on Feb 5, 2017.
             Slain by a river rat (2 damage)
             ... in a sewer.
             The game lasted 00:06:55 (3341 turns).

vatarom the Sneak (Vine Stalker Assassin)           Turns: 3341, Time: 00:06:56

Health: -1/49      AC: 23    Str: 14    XL:     6   Next: 72%
Magic:  0/7        EV: -1    Int: 11    God:
Gold:   136        SH:  0    Dex: 17    Spells: 0 memorised, 5 levels left

rFire  . . .     SeeInvis +     a - +2 dagger
rCold  . . .     Gourm    .     (armour currently unavailable)
rNeg   + + +     Faith    .     (no shield)
rPois  +         Spirit   +     (helmet currently unavailable)
rElec  .         Reflect  .     (cloak currently unavailable)
rCorr  .         Harm     .     (gloves currently unavailable)
MR     .....     NoTele   +     (boots currently unavailable)
Stlth  +++.......               (no amulet)
                                (no ring)
                                h - ring of see invisible

@: lethally poisoned (-1 -> -1), tree-form, constricted
A: (antennae 0), (fangs 0), (hooves 0), regeneration 1, magic shield, (antimagic
bite), no device heal 3, rot immunity, subdued magic 1
a: no special abilities


You were in a sewer.
You were not hungry.
You were a tree.
You visited 1 branch of the dungeon, and saw 4 of its levels.
You also visited: Sewer.

You collected 136 gold pieces.

Inventory:

Hand Weapons
 a - a +2 dagger (weapon)
 b - a +0 blowgun
 i - a +0 dagger of draining
Missiles
 e - 8 poisoned needles
 f - 2 curare-tipped needles
Armour
 c - a +0 robe (melded)
 d - a +1 cloak (melded)
 m - a +0 leather armour
Jewellery
 h - a ring of see invisible (left branch)
Scrolls
 l - 3 scrolls of teleportation
 o - a scroll of fog
 q - a scroll of identify
Potions
 r - a potion of ambrosia
Comestibles
 g - 3 bread rations
 j - 8 chunks of flesh
 k - a royal jelly
 n - 3 fruits
 p - 2 slices of pizza


   Skills:
 - Level 4.0 Fighting
 * Level 2.9 Short Blades
 - Level 1.7 Throwing
 + Level 3.8 Dodging
 - Level 4.8 Stealth


You had 5 spell levels left.
You didn't know any spells.

Dungeon Overview and Level Annotations

Branches:
Dungeon (4/15)
 Temple: D:4-7

Altars:
Makhleb


Innate Abilities, Weirdness & Mutations

((You have extremely sharp teeth.))
Your natural rate of healing is unusually fast.
When hurt, damage is shared between your health and your magic reserves.
((Your bite disrupts and absorbs the magic of your enemies.))
Potions and wands cannot restore your health.
You are immune to rotting.
((You have a pair of small antennae on your head.))
((You have large cloven feet.))
Your spells are a little easier to cast, but a little less powerful.


Message History

The adder bites you but does no damage.
The ball python bites you but does no damage.
The river rat bites you but does no damage.
You miss the adder.
The adder is heavily wounded.
* * * LOW HITPOINT WARNING * * *
You feel sick.
The ball python bites you but does no damage.
The ball python constricts you. The rat bites you but does no damage.
The adder bites you but does no damage.
The ball python bites you but does no damage.
The river rat bites you but does no damage.
The ball python bites you but does no damage.
The ball python constricts you.
You hit the adder.
The adder is almost dead.
The adder bites you but does no damage. The rat bites you but does no damage.
The ball python bites you but does no damage. x2
The ball python constricts you. The river rat bites you.
You die...

≈≈≈≈≈≈#
#####≈≈≈≈≈≈#
≈≈≈≈≈≈#
#≈≈≈≈≈≈#
≈†≈≈≈≈#
#≈≈≈≈≈≈#
≈≈≈≈≈≈#
#≈≈≈≈≈≈#
≈≈≈≈#≈#
#≈≈≈≈≈≈#
≈≈≈#≈≈#
#≈≈≈≈≈≈#
≈≈≈≈≈≈#
#≈≈≈≈≈≈#
≈≈≈≈≈≈#
##.≈≈.##
≈≈≈≈≈.#
#≈.r♣S≈#
≈≈≈≈≈≈#
#≈.SrS≈#
≈≈≈≈≈≈#
#≈≈≈≈rr#
≈≈≈≈≈≈#
#≈≈≈≈J≈#
≈≈≈≈≈≈#
#≈≈≈≈≈≈#
≈≈≈≈≈≈#
#≈≈≈≈≈≈#
≈≈≈≈≈≈#
#≈≈≈≈≈≈#
..≈≈.##
#.≈≈...#
......#
#......#


You could see an ooze, an adder, a river rat, 2 ball pythons and 3 rats.

Vanquished Creatures
  Sigmund (D:2)
  6 river rats (Sewer)
  6 adders
  A worm (D:2)
  3 dart slugs
  8 ball pythons
  7 bats
  7 giant cockroaches
  4 goblins
  13 hobgoblins
  3 jackals (D:2)
  5 frilled lizards
  6 kobolds
  31 rats
101 creatures vanquished.

Notes
Turn   | Place    | Note
-------+----------+-------------------------------------------
     0 | D:1      | vatarom the Vine Stalker Assassin began the quest for the Orb.
     0 | D:1      | Reached XP level 1. HP: 11/11 MP: 2/2
    65 | D:1      | Reached skill level 1 in Dodging
   204 | D:1      | Reached XP level 2. HP: 13/15 MP: 3/3
   552 | D:1      | Gained mutation: You have a pair of small antennae on your head. [potion of mutation]
   552 | D:1      | Gained mutation: Your spells are a little easier to cast, but a little less powerful. [potion of mutation]
   613 | D:1      | Gained mutation: You have large cloven feet. [potion of mutation]
   613 | D:1      | Gained mutation: Your muscles are strong. (Str +2) [potion of mutation]
   613 | D:1      | Lost mutation: Your muscles are strong. (Str +2) [potion of mutation]
   626 | D:1      | Reached XP level 3. HP: 19/19 MP: 4/4
  1483 | D:2      | Found a burning altar of Makhleb.
  1483 | D:2      | Noticed an Executioner
  1522 | D:2      | Gained mutation: Your natural rate of healing is unusually fast. [Vine Stalker growth]
  1522 | D:2      | Reached XP level 4. HP: 21/23 MP: 5/5
  1840 | D:2      | Noticed Sigmund
  1853 | D:2      | Killed Sigmund
  1853 | D:2      | Reached XP level 5. HP: 23/29 MP: 6/6
  1853 | D:2      | Reached XP level 6. HP: 26/33 MP: 7/7
  2917 | D:4      | Found a glowing drain.
  2996 | Sewer    | Entered a sewer
  3141 | Sewer    | HP: 1/33 [river rat (2)]
  3335 | Sewer    | HP: 1/33 [ball python (1)]
  3340 | Sewer    | HP: 1/49 [poisoned by an adder]
  3341 | Sewer    | Slain by a river rat

Skill      XL: |  1  2  3  4  5  6 |
---------------+-------------------+-----
Fighting       | 2 4 |  4.0
Dodging        | 1 2 3 |  3.8
Short Blades   | 2 |  2.9
Throwing       | |  1.7
Stealth        | |  4.8

Action                   |  1- 3 |  4- 6 || total
-------------------------+-------+-------++-------
Melee: Dagger            |   107 |   218 ||   325
       Bite              |    28 |    50 ||    78
       Kick              |    11 |    49 ||    60
 Fire: Blowgun           |       |     3 ||     3
  Use: Potion            |     5 |     3 ||     8
       Scroll            |     2 |     6 ||     8
 Stab: Sleeping          |     9 |     9 ||    18
  Eat: Chunk             |     2 |     1 ||     3
       Meat ration       |       |     1 ||     1
Armor: Robe              |    21 |    35 ||    56
       Leather armour    |     2 |    18 ||    20
       Skin              |       |    29 ||    29
Dodge: Dodged            |    44 |   242 ||   286
